 Dungeon Crawl Stone Soup version 0.27.1-3-gb3d3a73c9e (webtiles) character file.

Game seed: 5777300339094454154

116 Urokeeper the Sneak (level 5, 0/32 HPs)
             Began as a Kobold Brigand on Oct 12, 2021.
             Slain by a giant cockroach (2 damage)
             ... on level 3 of the Dungeon.
             The game lasted 00:06:11 (2254 turns).

Urokeeper the Sneak (Kobold Brigand)                Turns: 2254, Time: 00:06:11

Health: 0/32       AC:  4    Str:  8    XL:     5   Next: 21%
Magic:  5/5        EV: 15    Int: 12    God:
Gold:   55         SH:  0    Dex: 18    Spells: 4/4 levels left

rFire    . . .     SeeInvis .   q - +0 short sword
rCold    . . .     Faith    .   (shield restricted)
rNeg     . . .     Spirit   .   b - +0 robe
rPois    .         Reflect  .   j - +0 helmet
rElec    .         Harm     .   c - +0 cloak
rCorr    .         Rampage  .   (no gloves)
Will     .....                  (no boots)
Stlth    ++++......             (no amulet)
HPRegen  0.10/turn              (no ring)
MPRegen  0.09/turn              (no ring)

@: no status effects
A: small, no large weapons, nightstalker 3
a: no special abilities


You were on level 3 of the Dungeon.
You visited 1 branch of the dungeon, and saw 3 of its levels.

You collected 55 gold pieces.

Inventory:

Hand Weapons
 a - a +2 dagger
 q - a +0 short sword (weapon)
Missiles
 d - 18 poisoned darts (quivered)
 t - 6 atropa-tipped darts
Armour
 b - a +0 robe (worn)
 c - a +0 cloak (worn)
 j - a +0 helmet (worn)
Wands
 e - a wand of polymorph (10)
Scrolls
 f - a scroll of vulnerability {unknown}
 g - a scroll of blinking {unknown}
 h - a scroll of identify {unknown}
 k - a scroll of immolation
 m - a scroll of enchant weapon {unknown}
 n - a scroll of fear {unknown}
Potions
 i - a potion of heal wounds {unknown}
 l - a potion of haste {unknown}
 o - a potion of degeneration {unknown}
 p - a potion of berserk rage {unknown}
 r - a potion of cancellation {unknown}
 s - a potion of might


   Skills:
 + Level 3.2 Fighting
 + Level 4.0 Short Blades
 - Level 2.1 Throwing
 + Level 2.9 Dodging
 + Level 6.2 Stealth


You had 4 spell levels left.
You didn't know any spells.
Your spell library contained the following spells:

 Spells                   Type           Power      Damage    Failure   Level
 Pain                     Necr           0%         1d4       32%         1
 Gell's Gravitas          Tloc           0%         N/A       69%         3
 Lesser Beckoning         Tloc           0%         N/A       69%         3
 Teleport Other           Tloc           0%         N/A       69%         3
 Agony                    Necr           0%         N/A       100%        5
 Excruciating Wounds      Necr           0%         N/A       100%        5


Dungeon Overview and Level Annotations

Branches:
Dungeon (3/15)

Altars:
Okawaru
Qazlal

Annotations:
D:3 Ijyb


Innate Abilities, Weirdness & Mutations

You are small and have problems with some larger weapons.
You are completely attuned to the shadows.


Message History

The curare-tipped dart completely misses Ijyb.
You hit Ijyb but do no damage. Ijyb hits you with a +0 dagger.
q - a +0 short sword (weapon)
You hit Ijyb but do no damage. Ijyb closely misses you.
The giant cockroach misses you.
You closely miss Ijyb. The giant cockroach misses you.
Ijyb completely misses you.
You hit Ijyb.
Ijyb is lightly wounded.
The giant cockroach completely misses you.
Ijyb drinks a potion.
Ijyb seems to grow stronger.
You hit Ijyb but do no damage.
Ijyb is lightly wounded.
The giant cockroach bites you. Ijyb hits you with a +0 dagger.
You barely miss Ijyb.
Ijyb is lightly wounded.
The giant cockroach barely misses you. Ijyb closely misses you.
You barely miss Ijyb.
Ijyb is lightly wounded.
The giant cockroach barely misses you. Ijyb misses you.
You closely miss the giant cockroach.
The giant cockroach completely misses you.
Ijyb hits you with a +0 dagger!
You hit the giant cockroach.
The giant cockroach is severely wounded.
The giant cockroach misses you.
You hit the giant cockroach but do no damage.
The giant cockroach is severely wounded.
The giant cockroach misses you. Ijyb hits you with a +0 dagger!
* * * LOW HITPOINT WARNING * * *
The giant cockroach misses you.
You barely miss the giant cockroach.
The giant cockroach is severely wounded.
Ijyb hits you with a +0 dagger.
* * * LOW HITPOINT WARNING * * *
The giant cockroach completely misses you.
You closely miss the giant cockroach.
The giant cockroach is severely wounded.
Ijyb hits you but does no damage. The giant cockroach bites you.
You die...

#.......#.# #
#.....###.# #
#.....# #.# #
###.### #.# # #.#
##.# ### #.# ##..#
#.< #.# #.#.# #.#
######.# ##.## #.#
(..g@B.####.# #.#
######......# #.#
####.###### #..
.....# ###
.###B##############
#...............
#.#############.
#.# #. #.# #.


You could see Ijyb (strong) and a giant cockroach.

Vanquished Creatures
  Natasha (D:3)
  Robin (D:3)
  3 adders (D:2)
  2 worms
  An orc (D:3)
  2 bats (D:1)
  3 endoplasms
  4 giant cockroaches
  6 goblins
  6 hobgoblins
  4 kobolds
  2 quokkas
  5 ball pythons
  2 frilled lizards
  3 rats
45 creatures vanquished.

Vanquished Creatures (others)
  An adder (D:3)
  2 fungi (D:3)
3 creatures vanquished.

Grand Total: 48 creatures vanquished

Notes
Turn   | Place    | Note
-------+----------+-------------------------------------------
     0 | D:1      | Urokeeper the Kobold Brigand began the quest for the Orb.
     0 | D:1      | Reached XP level 1. HP: 12/12 MP: 1/1
   350 | D:1      | Reached XP level 2. HP: 18/18 MP: 2/2
   990 | D:2      | Reached XP level 3. HP: 16/22 MP: 3/3
  1253 | D:2      | Reached XP level 4. HP: 20/27 MP: 4/4
  1697 | D:3      | Found an iron altar of Okawaru.
  1711 | D:3      | Reached skill level 6 in Stealth
  1725 | D:3      | Found a stormy altar of Qazlal.
  1828 | D:3      | Noticed Natasha
  1849 | D:3      | Killed Natasha
  1961 | D:3      | Noticed Robin
  1983 | D:3      | Reached XP level 5. HP: 30/32 MP: 5/5
  1996 | D:3      | Killed Robin
  2239 | D:3      | Noticed Ijyb
  2254 | D:3      | Slain by a giant cockroach

Illustrated notes

Levels and vault maps discovered:
D:1:      onia_arrival_mini_maze, layout_loops_ring, minmay_split_cup_small
D:2:      layout_basic
D:3:      layout_loops_ring, elyvilon_altar_5, grunt_qazlal_clouds,
          okawaru_ov_weapons_minmay, mainiacjoe_overflow_boulevard, uniq_ijyb,
          uniq_natasha, uniq_robin

Skill      XL: |  1  2  3  4  5 |
---------------+----------------+-----
Short Blades   | 3 4 |  4.0
Dodging        | 2 |  2.9
Stealth        | 6 |  6.2
Fighting       | 3 |  3.2
Throwing       | |  2.1

Action                   |  1- 3 |  4- 6 || total
-------------------------+-------+-------++-------
Melee: Dagger            |    74 |    43 ||   117
       Short sword       |       |    63 ||    63
Throw: Dart              |     1 |     4 ||     5
  Use: Scroll            |       |     1 ||     1
 Stab: Sleeping          |     8 |     6 ||    14
       Distracted        |     2 |     1 ||     3
Armor: Robe              |    17 |    19 ||    36
Dodge: Dodged            |    40 |    69 ||   109
